 Dungeon Crawl Stone Soup version 0.29.1-13-g9f3cf754e1 (webtiles) character file.

Game seed: 9621445768822890373

6230 Oxelix the Cleaver (level 10, -3/90 HPs)
             Began as a Minotaur Fighter on Feb 1, 2023.
             Was a Priest of Zin.
             Slain by Lodul
             ... wielding a +0 dire flail
              (12 damage)
             ... on level 10 of the Dungeon.
             The game lasted 00:15:56 (9770 turns).

Oxelix the Cleaver (Minotaur Fighter)               Turns: 9770, Time: 00:15:56

Health: -3/90      AC: 19    Str: 32    XL:     10   Next: 61%
Magic:  7/9        EV: 11    Int:  6    God:    Zin [***...]
Gold:   94         SH:  0    Dex: 11    Spells: 9/9 levels left

rFire   + . .      SeeInvis .   J - +2 battleaxe
rCold   + + .      Faith    .   (shield currently unavailable)
rNeg    . . .      Spirit   .   x - +1 chain mail {rPois}
rPois   ∞          Reflect  .   (helmet restricted)
rElec   +          Harm     .   i - +2 cloak
rCorr   +          Rampage  .   b - +0 pair of gloves
Will    .....                   M - +1 pair of boots
Stlth   ..........              h - amulet of regeneration
HPRegen 1.05/turn               s - +6 ring of strength
MPRegen 0.11/turn               A - ring of protection from cold

@: vitalised, resistant, on recite cooldown, hasted, very quick
A: horns 2, retaliatory headbutt
a: Renounce Religion, Recite, Vitalisation, Imprison, Donate Gold


You were on level 10 of the Dungeon.
You worshipped Zin.
Zin was most pleased with you.
You visited 2 branches of the dungeon, and saw 11 of its levels.
You also visited: Sewer.

You collected 504 gold pieces.
You spent 277 gold pieces at shops.
You donated 133 gold pieces to Zin.

Inventory:

Hand Weapons
 a - a +0 war axe
 J - a +2 battleaxe (weapon)
Missiles
 B - 4 boomerangs (quivered)
Armour
 b - a +0 pair of gloves (worn)
 c - a +0 buckler
 i - a +2 cloak (worn)
 j - a +2 scale mail of fire resistance
 x - a +1 chain mail of poison resistance (worn)
 M - a +1 pair of boots (worn)
Jewellery
 h - an amulet of regeneration (around neck)
 s - a +6 ring of strength (left hand)
 A - a ring of protection from cold (right hand)
Wands
 u - a wand of polymorph (4)
Scrolls
 e - 5 scrolls of poison
 g - 2 scrolls of silence {unknown}
 m - 2 scrolls of summoning {unknown}
 o - 5 scrolls of teleportation
 r - a scroll of magic mapping {unknown}
 t - 2 scrolls of blinking
 v - a scroll of enchant armour
 w - 3 scrolls of vulnerability {unknown}
 y - 2 scrolls of amnesia {unknown}
 z - 2 scrolls of enchant weapon {unknown}
 C - a scroll of identify
 E - a scroll of brand weapon {unknown}
 G - a scroll of noise {unknown}
 I - a scroll of torment {unknown}
Potions
 d - a potion of lignification {unknown}
 f - 3 potions of flight
 k - 3 potions of invisibility
 l - 2 potions of degeneration {unknown}
 n - 2 potions of haste
 p - 3 potions of curing
 q - 7 potions of mutation
 D - 4 potions of attraction {unknown}
 F - 2 potions of magic {unknown}
 H - 2 potions of resistance
 K - a potion of brilliance {unknown}
 L - a potion of cancellation {unknown}


   Skills:
 + Level 8.4 Fighting
 * Level 14.5 Axes
 + Level 8.4 Armour
 - Level 6.2 Dodging
 - Level 3.6 Shields


You had 9 spell levels left.
You didn't know any spells.
Your spell library contained the following spells:

 Spells                   Type           Power      Damage    Failure   Level
 Magic Dart               Conj           0%         1d3       88%         1
 Sting                    Tmut/Pois      0%         1d3       88%         1
 Call Imp                 Summ           0%         N/A       96%         2
 Poisonous Vapours        Pois/Air       0%         N/A       96%         2
 Ignite Poison            Fire/Tmut/Pois 0%         N/A       99%         3
 Mephitic Cloud           Conj/Pois/Air  0%         N/A       99%         3
 Corpse Rot               Necr/Pois/Air  0%         N/A       100%        4
 Fulminant Prism          Conj/Hex       0%         3d6       100%        4
 Iskenderun's Mystic Bla  Conj/Tloc      0%         2d3       100%        4
 Olgreb's Toxic Radiance  Pois           0%         N/A       100%        4
 Freezing Cloud           Conj/Ice/Air   0%         6-21      100%        5
 Lee's Rapid Deconstruct  Erth           0%         3d5*      100%        5


Dungeon Overview and Level Annotations

Branches:
Dungeon (10/15)            Temple (1/1) D:6           Sewer (visited)
   Lair: D:8-11         Orc: D:9-12

Altars:
Ashenzari
Cheibriados
Dithmenos
Elyvilon
Fedhas
Gozag
Hepliaklqana
Kikubaaqudgha
Makhleb
Nemelex Xobeh
Okawaru
Qazlal
Ru
Sif Muna
Trog
Uskayaw
Vehumet
Wu Jian
Xom
Yredelemnul
Zin
The Shining One

Shops:
D:4 [=[[?   D:5 =   D:8 :

Annotations:
D:7 1 runed translucent door, ymhsbmbesitwf's ghost, novice DrCj
D:10 Lodul


Innate Abilities, Weirdness & Mutations

You have a pair of horns on your head.
You reflexively headbutt those who attack you in melee.


Message History

Lodul is lightly wounded.
You slash the ogre! Lodul hits you but does no damage.
The ogre hits you but does no damage. The salamander misses you.
You feel yourself speed up.
The ogre hits you with a +0 giant club!!
The ogre barely misses you.
The salamander hits you from afar with a +0 halberd.
You are engulfed in flames!
Zin grants you divine stamina.
The salamander hits you but does no damage.
Lodul barely misses you.
You closely miss Lodul. You headbutt Lodul.
Lodul is lightly wounded.
You barely miss the ogre. x2; You slash the ogre!
You kill the ogre!
The ogre barely misses you.
You hit Lodul.
Lodul is lightly wounded.
You barely miss the ogre. You hit the ogre. You slice the ogre!!
The ogre hits you with a +0 giant club!!
* * * LOW HITPOINT WARNING * * *
The salamander barely misses you.
It was a potion of resistance.
You feel protected. Lodul barely misses you. The ogre barely misses you.
You feel better. The ogre hits you with a +0 giant club!
* * * LOW HITPOINT WARNING * * *
The salamander barely misses you. The ogre hits you but does no damage.
You hit Lodul but do no damage.
Lodul is lightly wounded.
You slice the ogre!!
You kill the ogre!
You slice the ogre!!
You kill the ogre!
You hit the ogre but do no damage.
The salamander wields a +0 shortbow of flaming.
It bursts into flame!
The salamander shoots an arrow.
The arrow barely misses you. The salamander misses you.
Lodul hits you with a +0 dire flail!
You die...

.....# .....# .....#
.....# .....#
.....####### ######
>...>......## ##....#
.....#####..###..##.#
.....# ##....)@O..#
...### #####))O###
#### #8NN.8# #
#≈...≈# # #≈...§# #
#≈...≈# #8...≈#
..§§§≈#


You could see Lodul, 2 salamanders and an ogre.

Vanquished Creatures
  2 two-headed ogres (D:9)
  Grinder (D:4)
  2 wyverns
  4 yaks
  Edmund (D:5)
  5 orc warriors
  A sky beast (D:7)
  3 black bears
  7 ogres
  A centaur (D:7)
  5 kobold brigands
  3 bullfrogs
  A necrophage (D:7)
  A gnoll sergeant (D:6)
  5 scorpions
  5 wights (D:8)
  3 killer bees (D:10)
  2 howler monkeys (D:8)
  5 orc priests
  A gnoll bouda (D:5)
  3 hounds
  A jelly (D:6)
  Crazy Yiuf (D:4)
  5 iguanas
  14 orc wizards
  8 adders
  14 gnolls
  2 river rats (Sewer)
  A shadow imp (D:6)
  A white imp (D:7)
  A worm (D:4)
  A dart slug (D:3)
  26 orcs
  5 bats
  6 endoplasms
  7 giant cockroaches
  6 goblins
  9 hobgoblins
  3 jackals
  30 kobolds
  6 quokkas
  2 ball pythons
  3 frilled lizards (D:2)
  6 rats
219 creatures vanquished.

Vanquished Creatures (others)
  14 plants
14 creatures vanquished.

Grand Total: 233 creatures vanquished

Notes
Turn   | Place    | Note
-------+----------+-------------------------------------------
     0 | D:1      | Oxelix the Minotaur Fighter began the quest for the Orb.
     0 | D:1      | Reached XP level 1. HP: 19/19 MP: 0/0
   295 | D:1      | Reached skill level 3 in Axes
   364 | D:1      | Reached XP level 2. HP: 21/27 MP: 1/1
   527 | D:1      | Found a faded altar of an unknown god.
   969 | D:2      | Reached skill level 4 in Axes
  1063 | D:2      | Reached XP level 3. HP: 33/33 MP: 2/2
  1526 | D:2      | Reached skill level 5 in Axes
  1757 | D:2      | You fall into a shaft and drop 1 floor!
  2084 | D:3      | Reached XP level 4. HP: 40/40 MP: 3/3
  2085 | D:3      | Found a glowing drain.
  2098 | Sewer    | Entered a sewer
  2246 | Sewer    | Noticed a kobold brigand
  2263 | Sewer    | Killed a kobold brigand
  2264 | Sewer    | Reached skill level 6 in Axes
  2264 | Sewer    | Reached XP level 5. HP: 41/46 MP: 4/4
  2311 | Sewer    | Found a white marble altar of Elyvilon.
  3034 | D:3      | Reached skill level 7 in Axes
  3418 | D:4      | Found Atuicum's Antique Armour Shoppe.
  3421 | D:4      | Noticed a black bear
  3428 | D:4      | Killed a black bear
  3429 | D:4      | Reached skill level 8 in Axes
  3429 | D:4      | Reached XP level 6. HP: 37/52 MP: 5/5
  3915 | D:4      | Found Nuex's Jewellery Emporium.
  3987 | D:4      | Reached skill level 9 in Axes
  4064 | D:4      | Found Osha Wyn's Armour Emporium.
  4068 | D:4      | Found Terghege's Magic Scroll Shoppe.
  4077 | D:4      | Bought a scroll of identify for 20 gold pieces
  4077 | D:4      | Bought a scroll of identify for 20 gold pieces
  4077 | D:4      | Bought a scroll of blinking for 75 gold pieces
  4175 | D:4      | Found a runed translucent door.
  4176 | D:4      | Noticed Crazy Yiuf
  4262 | D:4      | Found Ixoghen's Antique Armour Shop.
  4280 | D:4      | Noticed Grinder
  4281 | D:4      | Paralysed by Grinder for 4 turns
  4299 | D:4      | Killed Grinder
  4300 | D:4      | Reached XP level 7. HP: 52/58 MP: 6/6
  4456 | D:4      | Killed Crazy Yiuf
  4457 | D:4      | Reached skill level 10 in Axes
  4595 | D:5      | Entered Level 5 of the Dungeon
  4622 | D:5      | Noticed Edmund
  4640 | D:5      | Killed Edmund
  4948 | D:5      | Reached skill level 11 in Axes
  5013 | D:5      | Found Itusk's Jewellery Shoppe.
  5072 | D:5      | Reached XP level 8. HP: 66/66 MP: 7/7
  5502 | D:5      | Reached skill level 12 in Axes
  5946 | D:6      | Reached skill level 13 in Axes
  6104 | D:6      | Found a staircase to the Ecumenical Temple.
  6116 | Temple   | Entered the Ecumenical Temple
  6351 | Temple   | Became a worshipper of Zin the Law-Giver
  6351 | Temple   | Reached * piety under Zin
  6837 | D:6      | Reached skill level 14 in Axes
  6837 | D:6      | Reached XP level 9. HP: 71/71 MP: 8/8
  7019 | D:7      | Identified the +0 sling of Death {speed, rElec rC+ Dex+4}
  7084 | D:7      | Reached skill level 1 in Dodging
  7219 | D:7      | Found a runed translucent door.
  7220 | D:7      | Found a shimmering altar of Xom.
  7220 | D:7      | Noticed ymhsbmbesitwf's ghost (novice DrCj)
  7221 | D:7      | Noticed a +1 hand axe of chaos
  7360 | D:7      | Reached skill level 5 in Fighting
  7360 | D:7      | Reached skill level 5 in Armour
  7496 | D:4      | Bought a bloodstained scale mail for 162 gold pieces
  7496 | D:4      | Identified the +1 scale mail "Musasiwn" {rC+ Will+ Str-3
                  | Int+2} (You bought it in a shop on level 4 of the Dungeon)
  7920 | D:7      | Reached ** piety under Zin
  8713 | D:8      | Found Wuig's Book Boutique.
  8895 | D:9      | Noticed a two-headed ogre
  8903 | D:9      | Killed a two-headed ogre
  8904 | D:9      | Reached skill level 5 in Dodging
  8904 | D:9      | Reached XP level 10. HP: 34/86 MP: 9/9
  8977 | D:9      | Reached *** piety under Zin
  9038 | D:9      | Noticed a two-headed ogre
  9047 | D:9      | Killed a two-headed ogre
  9271 | D:9      | Found a shadowy altar of Dithmenos.
  9273 | D:9      | Found a white marble altar of Elyvilon.
  9662 | D:10     | Entered Level 10 of the Dungeon
  9676 | D:10     | Donated 95 gold pieces to Zin
  9758 | D:10     | Noticed a salamander
  9758 | D:10     | Noticed Lodul
  9761 | D:10     | Noticed a salamander
  9770 | D:10     | Slain by Lodul

Illustrated notes

Levels and vault maps discovered:
D:1:      minmay_arrival_four_houses, layout_loops_corners,
          shapermc_ecumenical_altar_totnotflames, chequers_mini_garden
D:2:      minmay_evil_eye, layout_basic, wad_woods_river_04
D:3:      cheibrodos_old_hovel, layout_loops_ring, gup_sewer_entry_pipe
D:4:      layout_rooms, serial_shops, shop, nicolae_stop_n_shop_2, shop,
          nicolae_shop_stone, shop, uniq_crazy_yiuf_cottage, uniq_grinder
D:5:      layout_basic, serial_shops, nicolae_lakefront_shop,
          kennysheep_another_room, hangedman_decor_push, uniq_edmund
D:6:      layout_basic, minmay_temple_entry_antechambers
D:7:      layout_layer_cave, ebering_ghost_xom
D:8:      layout_basic, serial_shops, shop
D:9:      layout_long_grid, jmf_multi_god_temple
D:10:     layout_rooms, hellmonk_guarded_unrand_salamander, uniq_lodul
Temple:   nicolae_temple_slightly_damp_pantheon

Skill      XL: |  1  2  3  4  5  6  7  8  9 10 |
---------------+-------------------------------+-----
Axes           | 3 4 5 6 8 9 11 14 | 14.5
Fighting       | 7 8 |  8.4
Armour         | 7 8 |  8.4
Dodging        | 5 6 |  6.2
Shields        | |  3.6

Action                   |  1- 3 |  4- 6 |  7- 9 | 10-12 || total
-------------------------+-------+-------+-------+-------++-------
Melee: War axe           |    83 |   116 |   285 |    26 ||   510
       Headbutt          |    13 |    17 |    47 |    12 ||    89
       Battleaxe         |       |       |       |    27 ||    27
Throw: Boomerang         |       |       |     3 |       ||     3
Invok: Recite            |       |       |     1 |     1 ||     2
       Vitalisation      |       |       |       |     1 ||     1
       Donate Gold       |       |       |       |     1 ||     1
  Use: Potion            |       |     1 |     4 |     3 ||     8
       Scroll            |       |     5 |     3 |       ||     8
Armor: Scale mail        |    37 |    19 |       |       ||    56
       Chain mail        |       |    25 |   175 |    29 ||   229
Dodge: Dodged            |    31 |    35 |    87 |    31 ||   184
Block: Buckler           |    19 |    32 |    65 |     4 ||   120
